 Dungeon Crawl Stone Soup version 0.29.0-13-gc9e81de378 (console) character file.

Game seed: 5414210260718146864

1482 odiv the Covert (level 9, -8/51 HPs)
             Began as a Kobold Cinder Acolyte on Sept 7, 2022.
             Was an Initiate of Wu Jian.
             Mangled by a fire elemental (11 damage)
             ... created by the fiery vengeance of Ignis
             ... on level 8 of the Dungeon on Sept 8, 2022.
             The game lasted 00:18:11 (9377 turns).

odiv the Covert (Kobold Cinder Acolyte)             Turns: 9377, Time: 00:18:11

Health: -8/51      AC:  4    Str: 11    XL:     9   Next: 7%
Magic:  10/10      EV: 18    Int: 15    God:    Wu Jian [......]
Gold:   432        SH:  0    Dex: 15    Spells: 10/10 levels left

rFire   . . .      SeeInvis .   a - +1 dagger (venom)
rCold   + . .      Faith    .   (no shield)
rNeg    . . .      Spirit   .   r - +0 robe
rPois   .          Reflect  .   k - +1 helmet
rElec   .          Harm     .   (no cloak)
rCorr   .          Rampage  .   (no gloves)
Will    .....                   (no boots)
Stlth   +++++.....              (no amulet)
HPRegen 0.17/turn               p - ring of protection from cold
MPRegen 0.12/turn               (no ring)

@: fire susceptible
A: small, no large weapons, nightstalker 3
a: Renounce Religion


You were on level 8 of the Dungeon.
You worshipped Wu Jian.
Wu Jian was noncommittal.
You visited 1 branch of the dungeon, and saw 7 of its levels.

You collected 432 gold pieces.

Inventory:

Hand Weapons
 a - a +1 dagger of venom (weapon)
 b - a +1 sling
 i - a +0 dagger of venom
 x - a -1 short sword of flaming
Missiles
 f - 53 stones
 h - 3 poisoned darts (quivered)
Armour
 k - a +1 helmet (worn)
 r - a +0 robe (worn)
Magical Staves
 d - a staff of poison
Jewellery
 g - an amulet of faith
 p - a ring of protection from cold (left hand)
 s - an amulet of guardian spirit
Wands
 j - a wand of iceblast (4)
Scrolls
 c - 3 scrolls of magic mapping
 e - 3 scrolls of teleportation
 o - a scroll of fear {unknown}
 q - 2 scrolls of fog
 t - a scroll of amnesia
 v - a scroll of acquirement {unknown}
 y - 2 scrolls of blinking {unknown}
Potions
 m - 3 potions of brilliance
 u - a potion of ambrosia {unknown}
 w - a potion of might


   Skills:
 - Level 3.2 Fighting
 + Level 7.1 Short Blades
 + Level 8.0 Dodging
 + Level 9.6 Stealth
 - Level 1.1 Spellcasting
 - Level 3.0 Fire Magic


You had 10 spell levels left.
You didn't know any spells.
Your spell library contained the following spells:

 Spells                   Type           Power      Damage    Failure   Level
 Scorch                   Fire           18%        2d6       11%         2
 Necrotise                Necr           0%         1d4       24%         1
 Tukima's Dance           Hex            0%         N/A       58%         3
 Vampiric Draining        Necr           0%         2d6       58%         3
 Passage of Golubria      Tloc           0%         N/A       94%         4
 Agony                    Necr           0%         N/A       100%        5
 Alistair's Intoxication  Tmut/Pois      0%         N/A       100%        5
 Borgnjor's Vile Clutch   Necr/Erth      0%         N/A       100%        5
 Yara's Violent Unravell  Hex/Tmut       0%         3d3       100%        5
 Eringya's Noxious Bog    Tmut/Pois      0%         N/A       100%        6


Dungeon Overview and Level Annotations

Branches:
Dungeon (6/15)
 Temple: D:4-7

Altars:
Gozag
Kikubaaqudgha
Okawaru
Vehumet
Wu Jian
Xom


Innate Abilities, Weirdness & Mutations

You are small and have problems with some larger weapons.
You are completely attuned to the shadows.


Message History

Found a fizzy silvery potion. "These will know how to inflict the punishment due to you!" 3 fire elementals come into view.
You lunge at the fire elemental, in a flurry of attacks.
You hit the fire elemental.
The fire elemental is lightly damaged.
You hit the fire elemental.
The fire elemental is moderately damaged.
The fire elemental moves out of view.
You closely miss the fire elemental.
The fire elemental is moderately damaged.
The fire elemental hits you. The fire elemental burns you!
The fire elemental completely misses you. x2
The fire elemental hits you. The fire elemental burns you!
Your +1 dagger of venom stops dripping with poison.
b - a +1 sling (weapon)
The fire elemental hits you. The fire elemental burns you!
You are too injured to fight recklessly!
Really attack while wielding your +1 sling?
Okay, then.
Your +1 dagger of venom begins to drip with poison!
a - a +1 dagger of venom (weapon)
You hit the fire elemental.
The fire elemental is lightly damaged.
The fire elemental hits you.
* * * LOW HITPOINT WARNING * * *
The fire elemental burns you!
* * * LOW HITPOINT WARNING * * *
You hit the fire elemental but do no damage.
The fire elemental is lightly damaged.
The fire elemental misses you.
Unknown command.
You hit the fire elemental.
The fire elemental is lightly damaged.
The fire elemental closely misses you.
You hit the fire elemental but do no damage.
You punch the fire elemental, but do no damage.
The fire elemental is lightly damaged.
The fire elemental hits you. The fire elemental burns you!
You die...

.> #.#########
#.#..........
#.#....###### #
#○#....###
##.######○#.......
#...@EE°..........
######E...#.......
#.#######.### #.#
... #.# .#.# #.#
.#.#


You could see 3 fire elementals.

Vanquished Creatures
  Grinder (D:5)
  A human (D:6)
  A water moccasin (D:6)
  A black bear (D:5)
  A centaur (D:5)
  Blork the orc (D:5)
  A bullfrog (D:4)
  A scorpion (D:6)
  A necrophage (D:3)
  A howler monkey (D:6)
  2 orc priests
  A hound (D:5)
  A gnoll bouda (D:6)
  Jessica (D:2)
  Ijyb (D:5)
  2 iguanas (D:4)
  2 orc wizards
  Terence (D:2)
  Robin (D:2)
  5 gnolls
  4 adders
  2 white imps
  3 dart slugs
  19 orcs
  8 ball pythons
  11 endoplasms
  6 giant cockroaches
  15 goblins
  4 hobgoblins
  7 jackals
  4 quokkas
  8 bats
  6 frilled lizards
  12 kobolds
  7 rats
143 creatures vanquished.

Vanquished Creatures (others)
  A necrophage (D:5)
  A goblin (D:2)
  50 foxfires
52 creatures vanquished.

Grand Total: 195 creatures vanquished

Notes
Turn   | Place    | Note
-------+----------+-------------------------------------------
     0 | D:1      | odiv the Kobold Cinder Acolyte began the quest for the Orb.
     0 | D:1      | Reached XP level 1. HP: 14/14 MP: 2/2
   109 | D:1      | Reached skill level 1 in Stealth
   164 | D:1      | Reached skill level 1 in Dodging
   353 | D:1      | Reached XP level 2. HP: 17/19 MP: 3/3
   444 | D:1      | Reached skill level 2 in Stealth
   781 | D:1      | Reached XP level 3. HP: 9/23 MP: 4/4
  1009 | D:1      | Reached skill level 3 in Stealth
  1619 | D:1      | Reached XP level 4. HP: 28/28 MP: 5/5
  2166 | D:2      | Found a faded altar of an unknown god.
  2324 | D:2      | Noticed Robin
  2348 | D:2      | HP: 1/28 [goblin/+0 dagger[Robin] (4)]
  2697 | D:2      | Noticed Terence
  2701 | D:2      | Killed Terence
  2702 | D:2      | Reached skill level 4 in Stealth
  2702 | D:2      | Reached XP level 5. HP: 32/32 MP: 6/6
  2791 | D:2      | Noticed Jessica
  2795 | D:2      | Killed Jessica
  2806 | D:2      | Killed Robin
  3018 | D:2      | Found an ornate altar of the Wu Jian Council.
  3082 | D:2      | Reached skill level 5 in Stealth
  3557 | D:3      | Found a shimmering altar of Xom.
  3583 | D:3      | Reached XP level 6. HP: 19/37 MP: 7/7
  3908 | D:3      | Found a faded altar of an unknown god.
  3909 | D:3      | Found an ancient bone altar of Kikubaaqudgha.
  4254 | D:3      | Found a radiant altar of Vehumet.
  4264 | D:3      | Reached skill level 6 in Stealth
  4269 | D:3      | Reached skill level 5 in Dodging
  5051 | D:4      | Reached XP level 7. HP: 27/41 MP: 8/8
  5274 | D:4      | Found an iron altar of Okawaru.
  5405 | D:4      | Reached skill level 7 in Stealth
  6144 | D:5      | Entered Level 5 of the Dungeon
  6161 | D:5      | Noticed Grinder
  6471 | D:5      | HP: 1/41 [orc/+1 dagger of venom (4)]
  6717 | D:5      | Noticed Blork the orc
  6736 | D:5      | Killed Blork the orc
  6801 | D:5      | Reached skill level 5 in Short Blades
  6801 | D:5      | Reached XP level 8. HP: 46/46 MP: 9/9
  6944 | D:5      | Reached skill level 8 in Stealth
  7193 | D:5      | Noticed Ijyb
  7197 | D:5      | Killed Ijyb
  7313 | D:5      | Found an opulent altar of Gozag.
  7439 | D:5      | Paralysed by Grinder for 3 turns
  7448 | D:5      | Killed Grinder
  8320 | D:6      | Reached skill level 9 in Stealth
  8417 | D:5      | Upgraded the game from 0.29.0-11-gd7f09526c8 to
                  | 0.29.0-13-gc9e81de378
  8921 | D:6      | Noticed a human
  8924 | D:6      | Noticed a human
  8975 | D:6      | Killed a human
  8976 | D:6      | Reached XP level 9. HP: 13/51 MP: 10/10
  9228 | D:6      | Found an ornate altar of the Wu Jian Council.
  9236 | D:6      | Fell from the grace of Ignis
  9236 | D:6      | Became a worshipper of the Wu Jian Council
  9263 | D:6      | You fall into a shaft and drop 2 floors!
  9374 | D:8      | HP: 2/51 [fire elemental[the fiery vengeance of Ignis]
                  | (13)]
  9377 | D:8      | Mangled by a fire elemental

Illustrated notes

Levels and vault maps discovered:
D:1:      giann_forest_graveyard, layout_basic, minmay_misc_feat_tower,
          minmay_misc_feat_plants, amcnicky_mini_rare_corridor_liquid
D:2:      layout_loops_ring, basic_altar, hellmonk_ecumenical_altar_lost_god,
          kennysheep_generic_room_13, uniq_robin, uniq_jessica, uniq_terence
D:3:      cheibrodos_helix_gallery, layout_basic, vehumet_crystals,
          nicolae_overflow_ecumenical_swirl, brannock_xom_greatest_gift
D:4:      layout_cave_pods, marbit_many_paths
D:5:      layout_gridville, grunt_gozag_statues, lemuel_flamethrower_2,
          uniq_blork_the_orc, uniq_ijyb, uniq_grinder
D:6:      layout_rooms, mainiacjoe_overflow_small_starburst,
          ebering_dispersal_statue_hall, corexii_item_surrounded_by_moat,
          nrook_pool_corridor, minmay_ruffians
D:8:      layout_basic, mainiacjoe_overflow_catwalk, minmay_holes,
          hellmonk_guarded_unrand_vines, uniq_pikel, uniq_joseph,
          uniq_prince_ribbit1

Skill      XL: |  1  2  3  4  5  6  7  8  9 |
---------------+----------------------------+-----
Stealth        | 1 2 3 4 5 6 7 9 |  9.6
Dodging        | 1 2 3 4 5 6 7 8 |  8.0
Short Blades   | 5 7 |  7.1
Fighting       | |  3.2
Spellcasting   | |  1.1
Fire Magic     | |  3.0

Action                   |  1- 3 |  4- 6 |  7- 9 || total
-------------------------+-------+-------+-------++-------
Melee: Short sword       |    81 |   121 |    64 ||   266
       Dagger            |       |    85 |   103 ||   188
       Punch             |       |     1 |     2 ||     3
 Fire: Sling             |       |    40 |    10 ||    50
Throw: Stone             |       |     1 |       ||     1
       Dart              |       |       |     2 ||     2
Invok: Fiery Armour      |     3 |     3 |     1 ||     7
       Foxfire Swarm     |       |     2 |     2 ||     4
       Lunge             |       |       |     1 ||     1
Evoke: Wand              |       |       |     3 ||     3
  Use: Scroll            |       |     9 |     2 ||    11
       Potion            |       |       |     5 ||     5
 Stab: Sleeping          |     4 |    17 |     8 ||    29
Armor: Robe              |     9 |    24 |    26 ||    59
Dodge: Dodged            |    69 |   157 |   120 ||   346
